 Dungeon Crawl Stone Soup version 0.25.1-2-g60ff931df9 (webtiles) character file.

Game seed: 5611027881599588748

21 lepoulpe303 the Sneak (level 2, -2/13 HPs)
             Began as a Spriggan Earth Elementalist on Sept 10, 2020.
             Slain by a goblin
             ... wielding a +0 club
              (5 damage)
             ... on level 1 of the Dungeon.
             The game lasted 00:02:06 (354 turns).

lepoulpe303 the Sneak (Spriggan Earth Elementalist)  Turns: 354, Time: 00:02:07

Health: -2/13      AC:  2    Str:  4    XL:     2   Next: 62%
Magic:  7/7        EV: 18    Int: 16    God:
Gold:   12         SH:  0    Dex: 16    Spells: 4/7 levels left

rFire    . . .     SeeInvis +   a - +0 short sword
rCold    . . .     Gourm    .   (shield restricted)
rNeg     . . .     Faith    .   c - +0 robe
rPois    .         Spirit   .   (helmet restricted)
rElec    .         Reflect  .   (no cloak)
rCorr    .         Harm     .   (gloves unavailable)
MR       .....                  (boots unavailable)
Stlth    +++.......             (no amulet)
HPRegen  0.04/turn              (no ring)
MPRegen  0.10/turn              (no ring)

@: very quick
A: very small, unfitting armour, see invisible, herbivore, speed 3, slow
metabolism 2
a: no special abilities


You were on level 1 of the Dungeon.
You were not hungry.

You visited 1 branch of the dungeon, and saw 1 of its levels.

You collected 12 gold pieces.

Inventory:

Hand Weapons
 a - a +0 short sword (weapon)
Missiles
 Q - 36 stones (quivered)
Armour
 c - a +0 robe (worn)
Scrolls
 b - a scroll of enchant weapon {unknown}
 d - a scroll of fog {unknown}
Comestibles
 e - 2 rations


   Skills:
 + Level 0.1 Short Blades
 + Level 3.2 Dodging
 + Level 3.4 Stealth
 * Level 3.1 Spellcasting
 - Level 1.3 Transmutations
 * Level 3.0 Earth Magic


You had 4 spell levels left.
You knew the following spells:

 Your Spells              Type           Power        Failure   Level  Hunger
a - Sandblast             Erth           ##....       5%          1    None
w - Passwall              Tmut/Erth      #.......     11%         2    ##.....

Your spell library contained the following spells:

 Spells                   Type           Power        Failure   Level  Hunger
 Stone Arrow              Conj/Erth      #.....       28%         3    ###....
 Petrify                  Tmut/Erth      #.......     58%         4    ####...
 Lee's Rapid Deconstruct  Erth           ##........   82%         5    ######.


Dungeon Overview and Level Annotations

Branches:
Dungeon (1/15)

Altars:


Innate Abilities, Weirdness & Mutations

You are very small and have problems with some larger weapons.
You are too small for most types of armour.
You have supernaturally acute eyesight. (SInv)
You are a herbivore.
You cover ground extremely quickly.
You need to consume almost no food.


Message History

* * * LOW HITPOINT WARNING * * *
You take 1 damage, and have 6/13 hp.
A bat comes into view.
The bat moves out of view.
Aim: a goblin, wielding a +0 dagger (moderately wounded)
The blast of sand misses the goblin.
Q - 36 stones You now have 6/7 mp.
You hit the goblin. The goblin closely misses you.
You hit the goblin. You barely miss the goblin.
The goblin hits you with a +0 dagger.
* * * LOW HITPOINT WARNING * * *
The goblin hits you but does no damage.
You take 3 damage, and have 3/13 hp.
MASSIVE DAMAGE!!
You hit the goblin.
You kill the goblin!
You closely miss the goblin. The goblin closely misses you.
You hit the goblin. The goblin hits you with a +0 club.
You die...

###### #.....##
###......# ##....# ..#
#.....##..##
#...#.?....#
#########..##)..##.#
###.........?@..%.#..#
#.....######.#g##...#
##.....######.#..#.###
#....†.....##.##...#
#......###.##.##.###
#......# #.#..#
#†##.### ?....# #
#.##.# .....# ###.##.#
.......#


You could see a goblin.

Levels and vault maps discovered:
D:1:      heliophobic_arrival_battle_scene, layout_loops_ring,
          minmay_tromino_v4_c

Notes
Turn   | Place    | Note
-------+----------+-------------------------------------------
     0 | D:1      | lepoulpe303 the Spriggan Earth Elementalist began the quest
                  | for the Orb.
     0 | D:1      | Reached XP level 1. HP: 9/9 MP: 5/5
    25 | D:1      | Identified a +0 club
   130 | D:1      | Identified a +0 club
   132 | D:1      | Reached skill level 3 in Spellcasting
   133 | D:1      | Reached XP level 2. HP: 13/13 MP: 2/7
   137 | D:1      | Learned a level 2 spell: Passwall
   199 | D:1      | Identified a +0 short sword
   265 | D:1      | Identified a +0 dagger
   284 | D:1      | Identified a +0 club
   289 | D:1      | Reached skill level 3 in Earth Magic
   319 | D:1      | Identified a +0 club
   321 | D:1      | Identified a +0 dagger
   322 | D:1      | Identified a +0 club
   349 | D:1      | HP: 3/13 [goblin/+0 dagger (3)]
   354 | D:1      | Slain by a goblin

Table legend:
 A = Turns spent in this place as a percentage of turns spent in the entire game.
 B = Non-inter-level travel turns spent in this place as a percentage of non-inter-level travel turns spent in the entire game.
 C = Inter-level travel turns spent in this place as a percentage of turns spent in this place.
 D = Turns resting spent in this place as a percentage of non-inter-level travel turns spent in this place.
 E = Turns spent auto-exploring this place as a percentage of non-inter-level travel turns spent in this place.
 F = Non-inter-level travel turns spent in this place divided by the number of levels of this place that you've seen.
                   A       B       C       D       E      F
               +-------+-------+-------+-------+-------+----------------------
         Total | 100.0 | 100.0 |   0.0 |  19.5 |  40.4 | 354.0
       Dungeon | 100.0 | 100.0 |   0.0 |  19.5 |  40.4 | 354.0
               +-------+-------+-------+-------+-------+----------------------

Table legend:
 A = Kills in this place as a percentage of kills in entire the game.
 B = Kills by you in this place as a percentage of kills by you in the entire game.
 C = Kills by friends in this place as a percentage of kills by friends in the entire game.
 D = Other kills in this place as a percentage of other kills in the entire game.
 E = Experience gained in this place as a percentage of experience gained in the entire game.
 F = Experience gained in this place divided by the number of levels of this place that you have seen.
                   A       B       C       D       E      F
               +-------+-------+-------+-------+-------+----------------------
         Total | 100.0 | 100.0 |   N/A |   N/A | 100.0 |  30.0
       Dungeon | 100.0 | 100.0 |   N/A |   N/A | 100.0 |  30.0
               +-------+-------+-------+-------+-------+----------------------

Skill      XL: |  1  2 |
---------------+-------+-----
Spellcasting   | 3 |  3.1
Earth Magic    | 3 |  3.0
Short Blades   | |  0.1
Dodging        | |  3.2
Stealth        | |  3.4
Transmutations | |  1.3

Action                   || total
-------------------------++-------
Melee: Short sword       ||    34
       Unarmed           ||     8
 Cast: Sandblast         ||    10
 Stab: Sleeping          ||     3
Armor: Robe              ||     6
Dodge: Dodged            ||    37

Vanquished Creatures
  A leopard gecko (D:1)
  3 goblins (D:1)
  6 hobgoblins (D:1)
  2 kobolds (D:1)
  A bat (D:1)
  A frilled lizard (D:1)
  3 rats (D:1)
17 creatures vanquished.
